Unix NetHack Version 5.0.0-0 post-release - last build Jul 19 2026 19:10:59 (3aa4ab31751d3886436d94b585a96704892fd477,branch:main).

Game began 2026-07-23 02:34:56, ended 2026-07-23 03:13:16.

KnightLite, chaotic female elven Priestess

                                        ---
                                     ----.--- -
                                     |......--.>
                                    --*.---..[...|---
                    ..|           ...))-- --.....--..-
                   ...--   ----- -....--   --.........|
                  .....-----...||....--      -........|
                  .............- -).--    ----....--.--
                  .....(..--..........    ..<........-
                  ......:....... -..--    ----...--
                  ..^................|       --..            .
                  ---................-                     --.-
                    |...---....)......                    .._..
                   --------..........                     .....
                ----........--.......                      ...
                |....-------- --.....
                |...--         ---.--
                -----            ---
KnightLite the Adept         St:11 Dx:9 Co:11 In:8 Wi:17 Ch:12  Chaotic
Dlvl:9  $:44 HP:0(37) Pw:67(89) AC:10 Xp:7 T:3916 

Latest messages:
 The spikes were poisoned!
 You feel very sick!
 You feel weaker!
 What do you want to drink?
 You feel tough!
 What do you want to drink?
 You feel better.
 What do you want to drink?
 You are suddenly moving much faster.
 Your quickness feels very natural.
 What do you want to drink?
 You yawn.
 What do you want to drink?
 Yecch!  This stuff tastes like poison.
 Your brain is on fire.
 What do you want to drink?
 Gee!  All of a sudden, you can't see yourself.
 What do you want to drink?
 You feel better.
 What do you want to drink?
 You feel better.
 What do you want to read?
 As you read the scroll, it disappears.
 You are being punished for your misbehavior!
 What do you want to read?
 As you read the scroll, it disappears.
 You materialize in a different location!
 You have a little trouble lifting a heavy iron ball (chained to you).  Continue? [ynq] (q) n
 What do you want to read?
 As you read the scroll, it disappears.
 You hear maniacal laughter in the distance.
 You fail to cast the spell correctly.
 What do you want to take off?
 You were wearing a +0 cloak of displacement.
 What do you want to take off?
 You were wearing a +0 small shield.
 What do you want to take off?
 You finish taking off your suit.
 You finish taking off your shoes.
 In what direction? .
 You bash yourself!
 In what direction? .
 You bash yourself!
 In what direction? .
 You bash yourself!
 Elf is about to die.
 In what direction? .
 You bash yourself!
 You die...
 Do you want your possessions identified? [ynq] (y) q

Inventory:
 Coins    ('$')
  $ - 44 gold pieces
 Weapons  (')')
  a - a blessed +4 mace (weapon in right hand)
 Armor    ('[')
  B - a +0 pair of low boots
  c - a +0 small shield
  m - a +0 cloak of displacement
  b - a +0 robe
  G - a +0 elven mithril-coat
 Potions  ('!')
  k - 3 potions of healing
  N - a cursed potion of invisibility
  v - a potion of water
 Rings    ('=')
  n - a ring of regeneration (on right hand)
 Wands    ('/')
  O - a wand of digging (0:4)
  E - a wand of speed monster (0:2)
 Tools    ('(')
  D - a blessed partly used tallow candle (lit)
 Gems/Stones  ('*')
  F - 3 worthless pieces of red glass
  A - a worthless piece of violet glass
 Special
 (list likely candidates)

KnightLite the Priestess's attributes:

Background:
 You were an Adept, a level 7 elven Priestess.
 You were chaotic, on a mission for Huan Ti
 who was opposed by Shan Lai Ching (lawful) and Chih Sung-tzu (neutral).
 You were right-handed.
 You were in the Gnomish Mines, on level 9.
 You entered the dungeon 3916 turns ago.
 It was nighttime.
 You had 907 experience points, 373 more were needed to attain level 8.

Basics:
 You had 0 out of 37 hit points.
 You had 67 out of 89 energy points (spell power).
 Your armor class was 10.
 Your wallet contained 44 zorkmids.
 Autopickup was on for '0' plus thrown, with exceptions.

Final Characteristics:
 Your strength was 11 (peak:14, limit:18).
 Your dexterity was 9 (limit:18).
 Your constitution was 11 (limit:16).
 Your intelligence was 8 (peak:14, limit:20).
 Your wisdom was 17 (peak:18, limit:20).
 Your charisma was 12 (limit:18).

Final Status:
 You were chained to a heavy iron ball.
 You weren't hungry.
 You were unencumbered.
 You were wielding a mace.
 You were skilled in mace.
 You weren't wearing any armor.

Final Attributes:
 You were piously aligned.
 You were sleep resistant.
 You were telepathic.
 You had infravision.
 You were invisible.
 You regenerated.
 You were very fast.
 You are dead.

Miscellaneous:
 You didn't encounter any bones levels.
 Total elapsed playing time was 38 minutes and 20 seconds.

Major events:
 Turn
    1: KnightLite the chaotic elven Priestess entered the dungeon
 1037: attained the rank of Acolyte (level 3)
 1337: entered the Gnomish Mines
 2819: reached Mine Town
 2833: attained the rank of Adept (level 6)
 3916: zapped herself with a spell

Spells:
 Name                 Level Category     Fail Retention
 light                  1   clerical       0%   81%-90%
 protection             1   clerical       0%   81%-90%
 force bolt             1   attack         0%  76%-100%
 healing                1   healing        0%  76%-100%

Skills:
 Fighting Skills
   bare handed combat [Unskilled]
 Weapon Skills
   club               [Unskilled]
   mace               [Skilled]
   morning star       [Unskilled]
   flail              [Unskilled]
   hammer             [Unskilled]
   quarterstaff       [Unskilled]
   polearms           [Unskilled]
   spear              [Unskilled]
   trident            [Unskilled]
   lance              [Unskilled]
   bow                [Unskilled]
   sling              [Unskilled]
   crossbow           [Unskilled]
   dart               [Unskilled]
   shuriken           [Unskilled]
   boomerang          [Unskilled]
   unicorn horn       [Unskilled]
 Spellcasting Skills
   healing spells     [Unskilled]
   divination spells  [Unskilled]
   clerical spells    [Basic]

Voluntary challenges:
 Character rerolling was not enabled.
 You never genocided any monsters.
 You never polymorphed an object.
 You never changed form.
 You used no wishes.
Achievements:
 You attained the rank of Acolyte.
 You entered the Gnomish Mines.
 You entered Minetown.
 You attained the rank of Adept.
 You entered a temple.
 You entered a shop.

 The Dungeons of Doom: levels 1 to 5
    Level 1:
       A fountain, a sink, a grave.
    Level 2:
    Level 3:
    Level 4:
       An altar, a grave.
       Stairs down to The Gnomish Mines.
    Level 5:
       A grave.
 The Gnomish Mines: levels 5 to 9
    Level 5:
    Level 6:
    Level 7:
       Many shops, a temple and an altar, some fountains.
    Level 8:
    Level 9: <- You were here.
       Final resting place for
          you, zapped yourself with a spell.


Vanquished creatures:
 an ettin zombie
 an orc-captain
  a vampire bat
  a gnome ruler
  a lizard
  3 Mordor orcs
  a rock piercer
  8 gnome leaders
  3 gnomish wizards
  a kobold mummy
  4 giant ants
  2 floating eyes
  8 dwarves
  2 kobold leaders
  a rothe
  2 iguanas
  3 acid blobs
  a gas spore
  2 hobbits
  2 manes
  a hobgoblin
  3 giant rats
  2 yellow molds
 38 gnomes
  a gnome zombie
  3 geckos
  2 jackals
  2 foxes
  2 goblins
  3 sewer rats
  7 grid bugs
  6 lichens
  4 newts
122 creatures vanquished.

No species were genocided or became extinct.

Game over:
                       ----------
                      /          \
                     /    REST    \
                    /      IN      \
                   /     PEACE      \
                  /                  \
                  |    KnightLite    |
                  |      44 Au       |
                  |  zapped herself  |
                  |   with a spell   |
                  |                  |
                  |                  |
                  |       2026       |
                 *|     *  *  *      | *
        _________)/\\_//(\/(/\)/\//\/|_)_______

Goodbye KnightLite the Priestess...

You died in The Gnomish Mines on dungeon level 9 with 4158 points,
and 44 pieces of gold, after 3916 moves.
You were level 7 with a maximum of 37 hit points when you died.

